AoeStats
← 海旋风

Highland

503797500Analyzed
4v4 RM · 1mo ago on Sep 2, 2026· 31m 44s· 8 players
Game mode
Random Map
Map size
Large (8 player)
Population
200
Speed
Normal
Resources
Standard
Victory
Conquest
Starting age
Dark Age
Ending age
Imperial Age
RankedLock teamsTeams togetherTeam positionsShared explorationLock speedFull tech treeHidden civsTurbo modeCheats
Victory
Defeat
🇮🇳 Magyars · India
816
+8
🇨🇳 Ethiopians · China
797
+9
🇵🇪 Wei · Peru
757
+10
🇹🇷 Celts · Türkiye
738
+11
🇨🇳 Gurjaras · China
770
-16
🇳🇱 Persians · Netherlands
651
-10
🇵🇱 Bohemians · Poland
560
-7
🇨🇳 Shu · China
511
-6
TeletubbiePimp
12:03 Feudal Age
12:52 Double-Bit Axe
14:38 Fishing Lines
20:51 Gold Mining
20:51 Stone Mining
25:52 Castle Age
23:48 Fletching
24:00 Padded Archer Armor
coran
13:42 Feudal Age
16:14 Double-Bit Axe
19:28 Loom
24:24 Castle Age
26:54 Bow Saw
28:03 Fortified Wall
28:54 Chemistry
小兔知知
16:41 Feudal Age
17:00 Man-at-Arms
20:51 Wheelbarrow
20:26 Arson
Elite Savage
Açi
16:27 Feudal Age
17:06 Horse Collar
17:13 Double-Bit Axe
18:07 Wheelbarrow
17:18 Town Watch
17:55 Fishing Lines
20:05 Gold Mining
25:19 Castle Age
24:37 Stone Mining
27:31 Gillnets
29:53 Fortified Wall
29:24 Treadmill Crane
34:48 Imperial Age
sinister is maveric
7:39 Loom
11:30 Feudal Age
16:22 Castle Age
14:41 Stone Mining
16:13 Double-Bit Axe
18:25 Scale Barding Armor
19:23 Gold Mining
21:58 Horse Collar
26:19 Chain Barding Armor
26:57 Bow Saw
28:08 Gold Shaft Mining
28:12 Wheelbarrow
27:26 Town Watch
29:36 Scale Mail Armor
31:42 Chain Mail Armor
31:21 Fletching
0204isaias
3:37 Loom
12:25 Feudal Age
16:25 Castle Age
14:58 Double-Bit Axe
16:38 Horse Collar
18:33 Bow Saw
20:19 Gold Mining
21:59 Heavy Plow
23:34 Ballistics
23:49 Husbandry
23:59 Bloodlines
24:11 Bloodlines
24:01 Husbandry
24:22 Fletching
25:54 Bodkin Arrow
26:36 Husbandry
26:41 Padded Archer Armor
27:58 Gold Shaft Mining
28:39 Wheelbarrow
29:45 Town Watch
30:17 Hand Cart
32:04 Stone Mining
海旋风
12:52 Feudal Age
11:09 Loom
14:53 Man-at-Arms
19:06 Gold Mining
23:03 Castle Age
21:28 Double-Bit Axe
23:07 Crossbowman
26:38 Thumb Ring
30:38 Bow Saw
Connection lost

Rejoining the realm…

Still unreachable

The connection could not be restored.

Session expired

The server has moved on; the page needs a fresh start.